 Dungeon Crawl Stone Soup version 0.28.0 (webtiles) character file.

Game seed: 15231582120577155925

151 browni3141 the Covered (level 5, -3/47 HPs)
             Began as a Minotaur Fighter on Feb 14, 2022.
             Killed from afar by an orc wizard (5 damage)
             ... with a puff of flame
             ... on level 3 of the Dungeon.
             The game lasted 00:00:53 (2171 turns).

browni3141 the Covered (Minotaur Fighter)           Turns: 2171, Time: 00:00:54

Health: -3/47      AC:  7    Str: 21    XL:     5   Next: 11%
Magic:  4/4        EV:  9    Int:  5    God:
Gold:   33         SH:  0    Dex: 11    Spells: 4/4 levels left

rFire   . . .      SeeInvis .   a - +0 war axe
rCold   . . .      Faith    .   c - +0 buckler
rNeg    . . .      Spirit   .   b - +0 scale mail
rPois   .          Reflect  .   (helmet restricted)
rElec   .          Harm     .   (no cloak)
rCorr   .          Rampage  .   (no gloves)
Will    .....                   (no boots)
Stlth   ..........              (no amulet)
HPRegen 0.15/turn               (no ring)
MPRegen 0.09/turn               (no ring)

@: confused, lethally poisoned (-3 -> -11)
A: horns 2, retaliatory headbutt
a: no special abilities


You were on level 3 of the Dungeon.
You visited 1 branch of the dungeon, and saw 3 of its levels.

You collected 33 gold pieces.

Inventory:

Hand Weapons
 a - a +0 war axe (weapon)
Armour
 b - a +0 scale mail (worn)
 c - a +0 buckler (worn)
Wands
 p - a wand of digging (5)
Scrolls
 e - a scroll of teleportation {unknown}
 g - 2 scrolls of identify {unknown}
 i - 3 scrolls of fog {unknown}
 l - a scroll of immolation {unknown}
 m - a scroll of torment {unknown}
 n - a scroll of enchant armour {unknown}
Potions
 d - 2 potions of might
 f - a potion of berserk rage {unknown}
 h - 3 potions of flight {unknown}
 j - 2 potions of curing {unknown}
 k - a potion of heal wounds {unknown}
 o - a potion of haste {unknown}
 q - a potion of mutation {unknown}


   Skills:
 + Level 4.7 Fighting
 + Level 3.8 Axes
 + Level 4.7 Armour
 + Level 4.7 Shields


You had 4 spell levels left.
You didn't know any spells.
Your spell library contained the following spells:

 Spells                   Type           Power      Damage    Failure   Level
 Static Discharge         Conj/Air       0%         N/A       95%         2
 Dispel Undead            Necr           0%         3d6       100%        4
 Sticky Flame             Conj/Fire      0%         2d3       100%        4


Dungeon Overview and Level Annotations

Branches:
Dungeon (3/15)

Altars:

Annotations:
D:3 1 runed translucent door, Crazy Yiuf


Innate Abilities, Weirdness & Mutations

You have a pair of horns on your head.
You reflexively headbutt those who attack you in melee.


Message History

A goblin comes into view. It is wielding a +0 dagger.
An orc comes into view. It is wielding a +0 short sword.
The orc wizard hits you but does no damage.
You are more poisoned.
You block the orc's attack.
The orc moves out of view.
You hit the orc wizard.
The orc wizard is almost dead.
You feel very sick.
The orc wizard hits you with a +2 dagger of venom.
The orc hits you from afar with a +0 trident.
You block the orc wizard's attack.
You barely miss the orc wizard.
The orc wizard is almost dead.
You feel very sick. You block the orc's attack.
The orc wizard casts a spell at you.
You are confused.
You are too confused!
You feel sick.
The orc hits you from afar with a +0 trident.
You are too confused!
You bump into the rock wall.
You feel sick.
The orc hits you from afar with a +0 trident.
The orc wizard casts a spell at you. The puff of flame hits you.
You bump into the rock wall.
You feel sick. The orc closely misses you.
The orc wizard hits you with a +2 dagger of venom.
* * * LOW HITPOINT WARNING * * *
You are lethally poisoned!
* * * LOW HITPOINT WARNING * * *
You feel very sick.
The orc wizard hits you with a +2 dagger of venom.
* * * LOW HITPOINT WARNING * * *
You bump into the crystal wall.
* * * LOW HITPOINT WARNING * * *
You feel very sick. The orc barely misses you.
The orc wizard gestures at you while chanting.
The puff of flame hits you.
You die...

### #.. #.#
#.# #.# ##.##
# ####.^.##.#
#....#o@o.#
#.##..##g##
#.###.# ...
#.###.#..♣...
#.....#..♣.♣♣♣
#.#####..♣ ♣
#.# #..♣ #.#
#..♣ ##.# #..♣


You could see an orc wizard, an orc and a goblin.

Vanquished Creatures
  Jessica (D:3)
  Ijyb (D:3)
  A hound skeleton (D:2)
  3 adders
  2 worms
  A dart slug (D:1)
  6 ball pythons
  3 bats
  6 endoplasms
  A giant cockroach (D:1)
  8 hobgoblins
  4 kobolds
  2 quokkas (D:2)
  4 frilled lizards
  6 goblins
  5 rats
54 creatures vanquished.

Notes
Turn   | Place    | Note
-------+----------+-------------------------------------------
     0 | D:1      | browni3141 the Minotaur Fighter began the quest for the
                  | Orb.
     0 | D:1      | Reached XP level 1. HP: 19/19 MP: 0/0
   310 | D:1      | Reached XP level 2. HP: 22/27 MP: 1/1
   808 | D:2      | Reached XP level 3. HP: 22/33 MP: 2/2
  1499 | D:2      | Reached XP level 4. HP: 41/41 MP: 3/3
  1867 | D:3      | Noticed Ijyb
  1875 | D:3      | Killed Ijyb
  1998 | D:3      | Noticed Jessica
  2003 | D:3      | Killed Jessica
  2004 | D:3      | Reached XP level 5. HP: 43/47 MP: 4/4
  2109 | D:3      | Found a runed translucent door.
  2110 | D:3      | Noticed Crazy Yiuf
  2171 | D:3      | HP: 2/47 [poisoned by an orc wizard]
  2171 | D:3      | Killed from afar by an orc wizard

Illustrated notes

Levels and vault maps discovered:
D:1:      saegor_arrival_simple_c, layout_loops_ring
D:2:      layout_loops_ring
D:3:      minmay_general_purpose_star, layout_loops_ring,
          mainiacjoe_overflow_six_doors_small, kennysheep_small_spiral,
          hangedman_decor_push, uniq_ijyb, uniq_jessica, uniq_crazy_yiuf_cottage

Skill      XL: |  1  2 |
---------------+-------+-----
Shields        | 4 |  4.7
Fighting       | 4 |  4.7
Armour         | 4 |  4.7
Axes           | 3 |  3.8

Action                   |  1- 3 |  4- 6 || total
-------------------------+-------+-------++-------
Melee: War axe           |    54 |    39 ||    93
       Headbutt          |     7 |     6 ||    13
Armor: Scale mail        |    16 |    19 ||    35
Dodge: Dodged            |    25 |    18 ||    43
Block: Buckler           |    12 |    13 ||    25
